 Dungeon Crawl Stone Soup version 0.29.1-15-g9cfb28693d (webtiles) character file.

Game seed: 2889323352336790864

2554 booth the Chopper (level 9, -8/69 HPs)
             Began as a Demonspawn Gladiator on Mar 13, 2023.
             Was a Believer of Ru.
             Mangled by an orc knight
             ... wielding a +0 glaive
              (25 damage)
             ... in a bailey.
             The game lasted 00:49:12 (6761 turns).

booth the Chopper (Demonspawn Gladiator)            Turns: 6761, Time: 00:49:13

Health: -8/69      AC: 11    Str: 22    XL:     9   Next: 31%
Magic:  9/9        EV: 14    Int: 13    God:    Ru [**....]
Gold:   337        SH: 10    Dex: 12    Spells: 8/8 levels left

rFire   . . .      SeeInvis +   f - +3 hand axe of Leukh {freeze, rElec Str+3 Int+3}
rCold   . . .      Faith    .   (no shield)
rNeg    + . .      Spirit   .   i - +2 robe {rN+}
rPois   .          Reflect  .   (helmet restricted)
rElec   +          Harm     .   g - +1 cloak of the Evening Star {Regen+ SInv}
rCorr   .          Rampage  .   p - +1 pair of gloves
Will    .....                   D - +2 pair of boots
Stlth   +.........              (no amulet)
HPRegen 1.01/turn               (no ring)
MPRegen 0.11/turn               (no ring)

@: about to teleport
A: antennae 2, large bone plates 2, clumsy 1, powered by pain 2, no hexes magic,
no poison magic, no translocations magic, disrupted magic 1, condensation shield
a: Renounce Religion


You were in a bailey.
You worshipped Ru.
Ru was pleased with you.
You visited 1 branch of the dungeon, and saw 7 of its levels.
You also visited: Bailey.

You collected 337 gold pieces.

Inventory:

Hand Weapons
 a - a +0 war axe
 f - the +3 hand axe of Leukh (weapon) {freeze, rElec Str+3 Int+3}
   (You found it on level 2 of the Dungeon)

   It freezes those it strikes, dealing additional cold damage.
   It can also slow down cold-blooded creatures.
   Str:       It affects your strength (+3).
   Int:       It affects your intelligence (+3).
   rElec:     It insulates you from electricity.
 k - a +1 mace of draining
 v - a +0 dagger
 x - a +2 war axe of flaming
 A - a +2 dire flail of pain
Missiles
 d - 4 throwing nets (quivered)
 w - a poisoned dart
Armour
 b - a +1 leather armour
 g - the +1 cloak of the Evening Star (worn) {Regen+ SInv}
   (You acquired it on level 1 of the Dungeon)

   SInv:      It lets you see invisible.
   Regen:     It increases your rate of health regeneration.
 h - a +1 scale mail of cold resistance
 i - a +2 robe of positive energy (worn)
 p - a +1 pair of gloves (worn)
 D - a +2 pair of boots (worn)
Jewellery
 s - a ring of ice
Wands
 c - a wand of paralysis (6)
 u - a wand of light (4)
 B - a wand of polymorph (10)
Scrolls
 n - 2 scrolls of teleportation
 q - a scroll of brand weapon
 r - 2 scrolls of blinking {unknown}
Potions
 e - a potion of berserk rage
 j - a potion of mutation
 l - a potion of flight
 m - a potion of curing
 o - a potion of haste
 z - a potion of brilliance {unknown}


   Skills:
 + Level 6.0 Fighting
 * Level 7.8 Axes
 + Level 5.4 Throwing
 + Level 5.8 Dodging


You had 8 spell levels left.
You didn't know any spells.
Your spell library contained the following spells:

 Spells                   Type           Power      Damage    Failure   Level
 Magic Dart               Conj           0%         1d3       38%         1
 Necrotise                Necr           0%         1d4       38%         1
 Summon Small Mammal      Summ           0%         N/A       38%         1
 Searing Ray              Conj           0%         2d4       52%         2
 Freezing Cloud           Conj/Ice/Air   0%         6-21      100%        5
 Apportation              Tloc           Unusable   N/A       N/A         1
 Poisonous Vapours        Pois/Air       Unusable   N/A       N/A         2
 Ignite Poison            Fire/Tmut/Pois Unusable   N/A       N/A         3
 Mephitic Cloud           Conj/Pois/Air  Unusable   N/A       N/A         3
 Corpse Rot               Necr/Pois/Air  Unusable   N/A       N/A         4
 Fulminant Prism          Conj/Hex       Unusable   3d6       N/A         4

Dungeon Overview and Level Annotations

Branches:
Dungeon (7/15)             Temple (0/1) D:4          Bailey (1/1)

Altars:
Fedhas
Makhleb
Ru
Uskayaw

Annotations:
D:7 2 transporters, Ape3scape's ghost, amateur DrCj


Innate Abilities, Weirdness & Mutations

You have a pair of antennae on your head.
You are mostly covered in large bone plates. (SH +6)
You are clumsy. (Dex -2)
You sometimes gain power by taking damage.
You cannot study or cast Hexes magic.
You cannot study or cast Poison magic.
You cannot study or cast Translocations magic.
Your casting is slightly disrupted.
A meltable shield of frost defends you. (SH +4)


Message History

The orc knight goes into a battle-frenzy!
Throw: 2 javelins
Press: ? - help, Q - select action, (/) - cycle Shift-Dir - straight line, f - orc knight
Aim: an orc knight, wielding a +0 halberd and wearing a +0 ring mail (strong, 56% to hit)
You throw a javelin.
The javelin pierces through the orc knight but does no damage.
The javelin pierces through the orc knight but does no damage.
The orc knight roars a battlecry!
Throw: javelin
Press: ? - help, Q - select action, (/) - cycle Shift-Dir - straight line, f/p - orc knight
Aim: an orc knight, wielding a +0 halberd and wearing a +0 ring mail (strong, 56% to hit)
You throw a javelin.
The javelin pierces through the orc knight.
The orc knight is lightly wounded.
The javelin completely misses the orc knight.
You block the orc knight's attack.
The orc knight no longer looks unusually strong.
You block the orc knight's attack.
The orc knight roars a battlecry!
The orc knight goes into a battle-frenzy!
The orc knight barely misses you. The orc knight closely misses you.
You closely miss the orc knight. You block the orc knight's attack.
You hit the orc knight. You freeze the orc knight.
The orc knight is lightly wounded.
The orc knight splashes around in the water.
The orc warrior splashes around in the water.
You block the orc knight's attack. You block the orc knight's attack.
The orc warrior closely misses you.
The orc knight hits you with a +0 glaive!!
You barely miss the orc knight. You hit the orc knight.
You freeze the orc knight. You barely miss the orc warrior.
The orc knight splashes around in the water.
The orc warrior hits you with a +0 glaive!!
The orc knight hits you with a +0 glaive!
* * * LOW HITPOINT WARNING * * *
As you read the scroll of teleportation, it crumbles to dust.
You feel strangely unstable. The orc knight misses you.
You block the orc warrior's attack.
The orc knight hits you with a +0 glaive!!
You die...

.# ≈≈≈(≈§§..#+...##..~.#
## ≈....§§§..##.##..~~.# #
...⌠...≈§..#+#..~~.##
..⌠∩⌠.§§§.. #..~~.∩#
≈§..§o§§§. ##..~~.#
§≈≈≈≈§§o. ##..~.#
........# ##.~.#
########+###'#########.~.#
....##.....##(.o@....))~.#
~~~..##.∩.##..~o~o~~~~~~.#
).~~..## ##..~~..........#
#..~~..###..~~..##########
##..~~.)).)~~..##
##..~~~)~~~..##
##.........## ###########


You could see 2 orc knights and an orc warrior (strong).

Vanquished Creatures
  Pikel (D:7)
  Eustachio (D:6)
  Edmund (D:6)
  A water moccasin (D:6)
  An ice beast (D:7)
  2 orc warriors (Bailey)
  An ogre (D:6)
  2 centaurs (D:5)
  A phantom (D:5)
  Blork the orc (D:6)
  A kobold brigand (D:6)
  2 necrophages
  A bullfrog (D:7)
  A scorpion (D:5)
  3 howler monkeys
  4 hounds
  2 jellies
  A gnoll bouda (D:7)
  Natasha (thrice) (D:2)
  An iguana (D:6)
  An orc wizard (D:3)
  11 adders
  4 gnolls (D:7)
  2 worms
  A dart slug (D:5)
  37 orcs
  4 bats
  5 endoplasms
  3 giant cockroaches
  6 goblins
  5 hobgoblins
  7 jackals
  19 kobolds
  5 quokkas
  2 ball pythons
  6 frilled lizards
  6 rats
155 creatures vanquished.

Vanquished Creatures (others)
  An orc warrior (Bailey)
  24 plants
25 creatures vanquished.

Grand Total: 180 creatures vanquished

Notes
Turn   | Place    | Note
-------+----------+-------------------------------------------
     0 | D:1      | booth the Demonspawn Gladiator began the quest for the Orb.
     0 | D:1      | Reached XP level 1. HP: 16/16 MP: 1/1
   313 | D:1      | Found a faded altar of an unknown god.
   334 | D:1      | Gained mutation: You are partially covered in large bone
                  | plates. (SH +4) [demonic ancestry]
   334 | D:1      | Reached XP level 2. HP: 22/22 MP: 2/2
   472 | D:1      | Prayed at the altar of an unknown god.
   472 | D:1      | Became a worshipper of Ru the Awakened
   497 | D:1      | Gained mutation: You cannot study or cast Poison magic. [Ru
                  | sacrifice]
   497 | D:1      | Gained mutation: You cannot study or cast Hexes magic. [Ru
                  | sacrifice]
   497 | D:1      | Gained mutation: You cannot study or cast Translocations
                  | magic. [Ru sacrifice]
   497 | D:1      | Reached * piety under Ru
  1051 | D:1      | Identified a scroll of acquirement
  1051 | D:1      | Acquired the +1 cloak of the Evening Star {Regen+ SInv}
  1125 | D:2      | Reached skill level 3 in Axes
  1191 | D:2      | Identified the +3 hand axe of Leukh {freeze, rElec Str+3
                  | Int+3}
  1263 | D:2      | Noticed Natasha
  1264 | D:2      | Noticed a crimson imp
  1275 | D:2      | Killed Natasha
  1276 | D:2      | Gained mutation: You sometimes gain a little power by
                  | taking damage. [demonic ancestry]
  1276 | D:2      | Reached XP level 3. HP: 19/28 MP: 3/3
  1402 | D:2      | Gained mutation: You sometimes gain power by taking damage.
                  | [demonic ancestry]
  1402 | D:2      | Reached XP level 4. HP: 34/34 MP: 4/4
  1407 | D:2      | Noticed Natasha
  1416 | D:2      | Killed Natasha
  1733 | D:2      | Noticed Natasha
  1740 | D:2      | Killed Natasha
  1741 | D:2      | Gained mutation: You have a pair of small antennae on your
                  | head. [demonic ancestry]
  1741 | D:2      | Reached XP level 5. HP: 31/41 MP: 5/5
  2307 | D:3      | Found a burning altar of Makhleb.
  2463 | D:3      | Reached skill level 4 in Axes
  2953 | D:3      | Gained mutation: You are clumsy. (Dex -2) [Ru sacrifice]
  3262 | D:4      | Found a staircase to the Ecumenical Temple.
  3468 | D:4      | Reached XP level 6. HP: 42/47 MP: 6/6
  4094 | D:5      | Entered Level 5 of the Dungeon
  4743 | D:5      | Reached skill level 5 in Axes
  4743 | D:5      | Gained mutation: A meltable shield of frost defends you.
                  | (SH +4) [demonic ancestry]
  4743 | D:5      | Reached XP level 7. HP: 53/53 MP: 7/7
  4769 | D:5      | Identified the +4 spear of Qazlal's Reproof {protect, MP+9
                  | Str+6}
  5339 | D:6      | Gained mutation: Your casting is slightly disrupted. [Ru
                  | sacrifice]
  5339 | D:6      | Reached ** piety under Ru
  5369 | D:6      | Reached skill level 6 in Axes
  5369 | D:6      | Gained mutation: You have a pair of antennae on your head.
                  | [demonic ancestry]
  5369 | D:6      | Reached XP level 8. HP: 61/61 MP: 8/8
  5552 | D:6      | Noticed Blork the orc
  5569 | D:6      | Killed Blork the orc
  5657 | D:6      | Noticed Eustachio
  5672 | D:6      | Killed Eustachio
  5673 | D:6      | Reached skill level 5 in Fighting
  5673 | D:6      | Reached skill level 5 in Dodging
  5752 | D:6      | Found a hide-covered altar of Uskayaw.
  5800 | D:6      | Noticed Edmund
  5814 | D:6      | Killed Edmund
  5929 | D:7      | Noticed Pikel
  5930 | D:7      | Found a blossoming altar of Fedhas.
  5955 | D:7      | Killed Pikel
  5956 | D:7      | Reached skill level 7 in Axes
  5956 | D:7      | Reached skill level 5 in Throwing
  5956 | D:7      | Gained mutation: You are mostly covered in large bone
                  | plates. (SH +6) [demonic ancestry]
  5956 | D:7      | Reached XP level 9. HP: 40/68 MP: 9/9
  6030 | D:7      | Noticed Ape3scape's ghost (amateur DrCj)
  6037 | D:7      | Found a transporter.
  6045 | D:7      | Found a transporter.
  6305 | D:7      | Found a flagged portal.
  6320 | Bailey   | Entered a bailey
  6738 | Bailey   | Noticed an orc knight
  6738 | Bailey   | Noticed an orc knight
  6738 | Bailey   | Noticed an orc knight
  6761 | Bailey   | Mangled by an orc knight

Illustrated notes

Levels and vault maps discovered:
D:1:      nicolae_arrival_washed_ashore, layout_loops_ring,
          hellmonk_ecumenical_altar_blasted, nicolae_figureground_sparkle
D:2:      layout_basic, kennysheep_another_room, eino_tiny_chamber, uniq_natasha
D:3:      layout_loops_ring, marbit_many_paths, lexackson_kobold_supper
D:4:      layout_basic, minmay_temple_entry_statues_fountains,
          minmay_misc_feat_tower
D:5:      layout_cave_pods, mainiacjoe_overflow_chevrons
D:6:      layout_basic, mainiacjoe_overflow_alcove_1, minmay_misc_feat_rows,
          uniq_edmund, uniq_eustachio, uniq_blork_the_orc
D:7:      layout_basic, grunt_temple_overflow_forces_of_nature, enter_bailey_2,
          gammafunk_ghost_stat_death, uniq_menkaure, uniq_pikel
Bailey:   bailey_polearm_1, bailey

Skill      XL: |  1  2  3  4  5  6  7  8  9 |
---------------+----------------------------+-----
Throwing       | 2 3 4 5 |  5.4
Axes           | 3 4 5 6 7 |  7.8
Dodging        | 3 4 5 |  5.8
Fighting       | 3 4 5 6 |  6.0

Action                   |  1- 3 |  4- 6 |  7- 9 || total
-------------------------+-------+-------+-------++-------
Melee: War axe           |    52 |       |       ||    52
       Hand axe          |    16 |   196 |   268 ||   480
Throw: Javelin           |       |     1 |     8 ||     9
       Dart              |       |       |     7 ||     7
       Throwing net      |       |       |     1 ||     1
Invok: Sacrifice Arcana  |     1 |       |       ||     1
       Sacrifice Purity  |       |     1 |       ||     1
       Sacrifice Essence |       |       |     1 ||     1
  Use: Scroll            |     2 |     7 |     6 ||    15
       Potion            |     2 |     3 |     1 ||     6
 Stab: Distracted        |       |     2 |       ||     2
       Invisible         |       |       |     2 ||     2
Armor: Leather armour    |    13 |    34 |       ||    47
       Robe              |       |    15 |    58 ||    73
Dodge: Dodged            |    35 |    97 |   139 ||   271
Block: Other             |     8 |    28 |   116 ||   152
